 Dungeon Crawl Stone Soup version 0.31-a0-986-g5e6e4ef867 (webtiles) character file.

Game seed: 8061577292796606555

260 timneilson the Ruffian (level 6, -8/41 HPs)
             Began as an Octopode Shapeshifter on Nov 11, 2023.
             Mangled by a gnoll
             ... wielding a +0 spear
             ... led by a gnoll bouda
              (9 damage)
             ... on level 4 of the Dungeon.
             The game lasted 00:06:28 (2467 turns).

timneilson the Ruffian (Octopode Shapeshifter)      Turns: 2467, Time: 00:06:28

Health: -8/41      AC:  1    Str: 15    XL:     6   Next: 17%
Magic:  8/8        EV: 13    Int: 12    God:
Gold:   162        SH:  0    Dex: 12    Spells: 5/7 levels left

rFire   . .          .
                       - Unarmed
rCold   . . .        (no shield)
rNeg    . . .        (helmet currently unavailable)
rPois   .            f - amulet of the acrobat
rElec   .            g - ring of flight
rCorr   .            n - ring of wizardry
SInv    .            j - ring of willpower
Will    ++...        (no ring)
Stlth   +++          (no ring)
HPRegen 0.26/turn    (no ring)
MPRegen 0.11/turn    (no ring)
                     (no ring)

%: acrobat, wizardry (x1)
@: beast-form, weakened, enlightened, flying
A: beast (slay +2), almost no armour, amphibious, 8 rings, camouflage 1,
gelatinous body 1, (nimble swimmer 1), tentacles
a: Begin Untransformation


You were on level 4 of the Dungeon.
You were a hulking beast.
You visited 1 branch of the dungeon, and saw 4 of its levels.

You collected 162 gold pieces.

Inventory:

Hand Weapons
 l - the +8 storm bow {elec, penet}
   (You found it on level 2 of the Dungeon)
Jewellery
 f - an amulet of the acrobat (around mantle)
 g - a ring of flight (left tentacle)
 j - a ring of willpower (on tentacle)
 n - a ring of wizardry (right tentacle)
Talismans
 b - a beast talisman
 c - a flux talisman
 d - a storm talisman
Scrolls
 h - 3 scrolls of teleportation
 i - a scroll of amnesia {unknown}
Potions
 a - a potion of lignification
 k - a potion of cancellation
 m - 2 potions of curing
 o - a potion of heal wounds {unknown}


   Skills:
 * Level 2.5 Fighting
 * Level 3.2 Dodging
 + Level 2.1 Stealth
 * Level 4.0 Unarmed Combat
 + Level 1.3 Spellcasting
 + Level 0.9 Translocations
 * Level 3.8 Shapeshifting


You had 5 spell levels left.
You knew the following spells:

 Your Spells              Type           Power      Damage    Failure   Level
a - Blink                 Tloc           6%         N/A       12%         2

Your spell library contained the following spells:

 Spells                   Type           Power      Damage    Failure   Level
 Lesser Beckoning         Tloc           6%         N/A       12%         2
 Momentum Strike          Conj/Tloc      2%         3d8       16%         2
 Ignite Poison            Fire/Tmut/Pois 0%         N/A       32%         3
 Sticky Flame             Conj/Fire      0%         2d3       71%         4
 Ignition                 Fire           0%         3d3       100%        8


Dungeon Overview and Level Annotations

Branches:
Dungeon (4/15)
 Temple: D:4-7

Altars:
Hepliaklqana
Vehumet

Shops:
D:2 =


Innate Abilities, Weirdness & Mutations

You are a hulking beast.
Your limbs bulge with bestial killing power. (Slay +2)
You cannot wear most types of armour.
You are amphibious.
You can wear up to eight rings at the same time.
Your skin changes colour to match your surroundings (Stealth+).
Your rubbery body absorbs attacks. (AC +1, EV +1)
((You are camouflaged when in or above water. (Stealth+)))
You have tentacles for arms and can constrict up to eight enemies at once.


Message History

Things that are here:
a +0 spear; a ball python corpse You tentacle-slap the gnoll bouda but do no damage.
Your grab misses the gnoll bouda.
The gnoll hits you from afar with a +0 spear!
The gnoll bouda hits you with a +0 whip!
You tentacle-slap the gnoll bouda but do no damage.
You grab the gnoll bouda. You constrict the gnoll bouda.
The gnoll barely misses you.
The gnoll bouda hits you with a +0 whip.
You release your grip on the gnoll bouda.
The gnoll bouda gazes fiercely through you!
You feel as though you will be weak longer.
You tentacle-slap the gnoll bouda. Your grab misses the gnoll bouda.
The gnoll bouda is moderately wounded.
The gnoll bouda closely misses you.
You tentacle-slap the gnoll bouda but do no damage.
You grab the gnoll bouda. You squeeze the gnoll bouda!
The gnoll bouda is severely wounded.
You constrict the gnoll bouda, but do no damage.
The gnoll bouda hits you with a +0 whip!
* * * LOW HITPOINT WARNING * * *
Unknown command.
It was a potion of enlightenment.
You feel more buoyant.
You constrict the gnoll bouda. The gnoll closely misses you.
The gnoll bouda hits you with a +0 whip!
* * * LOW HITPOINT WARNING * * *
You tentacle-slap the gnoll bouda but do no damage.
The gnoll bouda is severely wounded.
You constrict the gnoll bouda, but do no damage.
The gnoll barely misses you. The gnoll closely misses you.
The gnoll bouda hits you with a +0 whip.
* * * LOW HITPOINT WARNING * * *
Unknown command.
You tentacle-slap the gnoll bouda.
The gnoll bouda is severely wounded.
You constrict the gnoll bouda.
The gnoll hits you from afar with a +0 spear!
You die...

.........#####.>.# ##.........
.####.....##.....# #.......... .#
#...........## ##.......... .#
#............#####........... ##
##.............##............ #
#.......#.................... ##
##......##...#..............g.
.###......####..##gg.###.........
..#......####...h#.........$..###
........## #....ggg.........###
.......## #....##........##.#
.......[#...#####..####### .#
...#####..## ...# ..## ##..#
#...# ..# ##.# .#### ..# ## .#
.## #


You could see a gnoll bouda and 2 gnolls.

Vanquished Creatures
  2 hounds (D:4)
  An orc priest (D:4)
  An iguana (D:4)
  3 gnolls
  4 adders
  A worm (D:2)
  8 orcs (D:4)
  5 bats
  7 endoplasms
  5 giant cockroaches
  5 goblins
  6 hobgoblins
  4 jackals (D:2)
  3 quokkas
  4 ball pythons
  A frilled lizard (D:1)
  3 kobolds
  8 rats
71 creatures vanquished.

Notes
Turn   | Place    | Note
-------+----------+-------------------------------------------
     0 | D:1      | timneilson the Octopode Shapeshifter began the quest for
                  | the Orb.
     0 | D:1      | Reached XP level 1. HP: 13/13 MP: 1/1
   199 | D:1      | Reached XP level 2. HP: 18/18 MP: 2/2
   299 | D:1      | Reached XP level 3. HP: 12/23 MP: 3/3
   813 | D:2      | Reached skill level 1 in Stealth
   813 | D:2      | Reached XP level 4. HP: 27/29 MP: 5/5
   934 | D:2      | Found a radiant altar of Vehumet.
   966 | D:2      | Reached skill level 1 in Spellcasting
  1027 | D:2      | Found the +8 storm bow {elec, penet}
  1189 | D:2      | Found Myimn's Jewellery Shoppe.
  1419 | D:3      | Learned a level 2 spell: Blink
  1430 | D:3      | Identified the +5 dagger "Worm" {heavy, rN+ rCorr Int+4}
  1500 | D:3      | Found a hazy altar of Hepliaklqana.
  1592 | D:3      | Found a faded altar of an unknown god.
  1913 | D:4      | Reached XP level 5. HP: 31/34 MP: 6/6
  2353 | D:4      | Reached XP level 6. HP: 41/41 MP: 6/8
  2439 | D:4      | Reached skill level 4 in Unarmed Combat
  2466 | D:4      | HP: 1/41 [gnoll bouda/+0 whip (5)]
  2467 | D:4      | Mangled by a gnoll

Illustrated notes

Levels and vault maps discovered:
D:1:      erik_arrival_triangle_small, layout_basic
D:2:      layout_rooms, serial_shops, nicolae_square_shop, basic_altar
D:3:      layout_rooms, nicolae_hepliaklqana_hippocampus,
          shapermc_ecumenical_altar_hornbeckon, small_statue_intersection,
          nicolae_houndstooth_variations
D:4:      minmay_spotlight, layout_layer_cave

Skill      XL: |  1  2  3  4  5  6 |
---------------+-------------------+-----
Stealth        | 1 2 |  2.1
Spellcasting   | 1 |  1.3
Fighting       | 2 |  2.5
Dodging        | 3 |  3.2
Unarmed Combat | 4 |  4.0
Translocations | |  0.9
Shapeshifting  | |  3.8

Action                     |  1- 3 |  4- 6 || total
---------------------------+-------+-------++-------
  Melee: Unarmed           |    66 |    94 ||   160
         Constrict         |    16 |    29 ||    45
         Tentacles         |    11 |    21 ||    32
         Punch             |     1 |     2 ||     3
    Use: Scroll            |     1 |     7 ||     8
         Potion            |       |     1 ||     1
   Stab: Sleeping          |     4 |     4 ||     8
         Distracted        |     1 |       ||     1
 Armour: Skin              |    23 |    44 ||    67
  Dodge: Dodged            |    30 |    67 ||    97

Table legend: (Time is in decaauts)
 A = Elapsed time spent in this place.
 B = Non-inter-level travel time spent in this place.
 C = Inter-level travel time spent in this place.
 D = Time resting spent in this place.
 E = Time spent auto-exploring this place.
 F = Levels seen in this place.
 G = Mean time per level.
                   A        B        C        D        E       F      G
               +--------+--------+--------+--------+--------+-----+--------+
         Total |   2454 |   2389 |     65 |    281 |   1422 |   4 |  613.5 |
       Dungeon |   2454 |   2389 |     65 |    281 |   1422 |   4 |  613.5 |
               +--------+--------+--------+--------+--------+-----+--------+

Top non-repeatable levels by time:
     D:1: 802 daAuts
     D:4: 618 daAuts
     D:2: 562 daAuts
     D:3: 471 daAuts
